 Dungeon Crawl Stone Soup version 0.20-a0-876-g2c7b0bf (webtiles) character file.

408 kidcy the Skirmisher (level 6, 0/51 HPs)
             Began as a Demonspawn Monk on Mar 15, 2017.
             Slain by Menkaure (13 damage)
             ... on level 4 of the Dungeon.
             The game lasted 00:07:00 (4271 turns).

kidcy the Skirmisher (Demonspawn Monk)              Turns: 4271, Time: 00:07:01

Health: 0/51       AC: 10    Str: 13    XL:     6   Next: 57%
Magic:  6/6        EV: 10    Int: 11    God:
Gold:   114        SH:  0    Dex: 16    Spells: 5/5 levels left

rFire    . . .     SeeInvis .   p - +0 dagger (venom)
rCold    + . .     Gourm    .   u - +0 scale mail (curse)
rNeg     . . .     Faith    .   (no shield)
rPois    .         Spirit   .   m - +2 helmet
rElec    .         Reflect  .   (no cloak)
rCorr    .         Harm     .   l - +0 pair of gloves
MR       .....                  (no boots)
Stlth    +.........             (no amulet)
Regen    0.2/turn               (no ring)
MPRegen  0.1/turn               s - ring of protection from cold

@: no status effects
A: foul stench 1, rot immunity
a: no special abilities


You were on level 4 of the Dungeon.
You were hungry.

You visited 1 branch of the dungeon, and saw 4 of its levels.
You also visited: Sewer.

You collected 114 gold pieces.

Inventory:

Hand Weapons
 j - a +0 short sword of freezing
 p - a +0 dagger of venom (weapon)
Armour
 f - a +1 scale mail of fire resistance
 l - a +0 pair of gloves (worn)
 m - a +2 helmet (worn)
 u - a cursed +0 scale mail (worn)
Jewellery
 s - a ring of protection from cold (left hand)
Scrolls
 b - 3 scrolls of teleportation
 g - 3 scrolls of recharging
 i - 3 scrolls of fog
 k - 2 scrolls of immolation
 r - a scroll of identify
Potions
 e - 7 potions of heal wounds
 n - a potion of curing
 o - a potion of agility {unknown}
 q - a potion of mutation {unknown}
Comestibles
 a - a royal jelly
 c - 2 bread rations


   Skills:
 + Level 5.5 Fighting
 + Level 5.3 Short Blades
 - Level 2.6 Dodging
 - Level 1.7 Stealth


You had 5 spell levels left.
You didn't know any spells.

Dungeon Overview and Level Annotations

Branches:
Dungeon (3/15)

Altars:
Okawaru
Xom

Annotations:
D:2 Sigmund
D:4 Menkaure, Pikel


Innate Abilities, Weirdness & Mutations

You may emit foul miasma when damaged in melee.
You are immune to rotting.


Message History

Pain shoots through your body!
* * * LOW HITPOINT WARNING * * *
You are feeling hungry.
You hit Menkaure but do no damage.
Menkaure is lightly damaged.
You hit Menkaure.
Menkaure is lightly damaged.
Menkaure hits you.
* * * LOW HITPOINT WARNING * * *
You hit Menkaure.
Menkaure is moderately damaged.
You hit Menkaure but do no damage.
Menkaure is moderately damaged.
Menkaure barely misses you.
You hit Menkaure but do no damage.
Menkaure is moderately damaged.
You barely miss Menkaure.
Menkaure is moderately damaged.
Menkaure hits you!
You die...

.....########## #..#
###..# ####.## ####...#
##....# .# ###.# #..####
.# .# #.## .#####.. #.#
......... ##.#
.########.. #..#
.............###@## #..
..########...(..M##....#
..% ###..##....# ....
##........# ....#
#....#...... ....#
...##....##"o ....# .
...## ..##... K ...!##..
## .## #### ...... .


You could see Menkaure.

Vanquished Creatures
  A slave (D:4)
  An ogre (D:4)
  A big kobold (Sewer)
  An orc wizard (D:4)
  Terence (D:2)
  2 worker ants (D:4)
  4 adders
  2 oozes (Sewer)
  5 worms
  3 dart slugs
  5 leopard geckos
  4 orcs (D:4)
  4 ball pythons
  3 giant cockroaches
  5 goblins
  8 hobgoblins
  5 jackals (D:2)
  4 bats
  5 frilled lizards
  18 kobolds
  9 rats
91 creatures vanquished.

Notes
Turn   | Place    | Note
-------+----------+-------------------------------------------
     0 | D:1      | kidcy the Demonspawn Monk began the quest for the Orb.
     0 | D:1      | Reached XP level 1. HP: 18/18 MP: 1/1
   162 | D:1      | Gained mutation: You are immune to rotting. [demonic ancestry]
   162 | D:1      | Reached XP level 2. HP: 24/24 MP: 2/2
  1013 | D:2      | Reached XP level 3. HP: 29/29 MP: 3/3
  1032 | D:2      | Noticed Sigmund
  1044 | D:2      | Found a shimmering altar of Xom.
  2091 | D:2      | Reached XP level 4. HP: 37/37 MP: 4/4
  2449 | D:2      | Noticed Terence
  2472 | D:2      | Killed Terence
  3081 | D:3      | Found a glowing drain.
  3085 | Sewer    | Entered a sewer
  3336 | Sewer    | Reached XP level 5. HP: 41/43 MP: 5/5
  3918 | D:3      | Found an iron altar of Okawaru.
  3922 | D:3      | You fall through a shaft!
  3967 | D:4      | Reached skill level 5 in Fighting
  3988 | D:4      | Gained mutation: You may emit foul miasma when damaged in melee. [demonic ancestry]
  3988 | D:4      | Reached XP level 6. HP: 44/51 MP: 6/6
  4003 | D:4      | Reached skill level 5 in Short Blades
  4184 | D:4      | Noticed a slave
  4185 | D:4      | Noticed a slave
  4187 | D:4      | Noticed a slave
  4202 | D:4      | Noticed a slave
  4212 | D:4      | Killed a slave
  4256 | D:4      | Noticed Menkaure
  4258 | D:4      | Noticed Pikel
  4271 | D:4      | Slain by Menkaure

Vault maps used:
D:1:      erik_arrival_cave_to_civilisation
D:2:      lemuel_round_altar, uniq_sigmund, uniq_terence
D:3:      okawaru_gym_becter, first_bread, gup_sewer_entry_bowl, uniq_iyjb,
          uniq_natasha
D:4:      minmay_temple_entry_poolview, roderic_roman_lattice, uniq_menkaure,
          uniq_duvessa, uniq_pikel, uniq_edmund
Sewer:    kennysheep_pipe_town

Skill      XL: |  1  2  3  4  5  6 |
---------------+-------------------+-----
Short Blades   | 3 4 5 |  5.3
Fighting       | 4 5 |  5.5
Dodging        | |  2.6
Stealth        | |  1.7

Action                   |  1- 3 |  4- 6 || total
-------------------------+-------+-------++-------
Melee: Short sword       |   125 |   157 ||   282
       Dagger            |       |    90 ||    90
  Use: Scroll            |       |     6 ||     6
       Potion            |       |     3 ||     3
 Stab: Sleeping          |     9 |       ||     9
  Eat: Bread ration      |     1 |       ||     1
       Chunk             |       |     6 ||     6
Armor: Robe              |    23 |     6 ||    29
       Scale mail        |       |    71 ||    71
       Ring mail         |       |     6 ||     6
Dodge: Dodged            |    78 |    99 ||   177
